Sabres vs Flyers

Created - April 22, 2025 at 19:57

Goals
1 2 3 T
Sabres 0 1 1 2
Flyers 2 2 1 5
Shots
1 2 3 T
Sabres 13 10 8 31
Flyers 8 15 7 30

1st period

1. Flyers , Jordan Nolan 38 (Travis Konecny 26, Max Pacioretty 20) at 6:23
2. Flyers , Jordan Nolan 39 (Travis Konecny 27, Nick Ritchie 42) at 12:54 (PP)

Penalties :
Max Pacioretty (Phi) for Holding (Minor) at 0:13, Teuvo Teravainen (Buf) for Slashing (Minor) at 3:27, Chris Kreider (Buf) for Tripping (Minor) at 12:38, Igor Shesterkin (Buf) for Delaying the game (Minor) at 15:43 - Evgeni Malkin served the penalty, Erik Karlsson (Phi) for Tripping (Minor) at 18:52

2nd period

3. Sabres , Mika Zibanejad 28 (Teuvo Teravainen 30, Chris Kreider 32) at 6:57
4. Flyers , Jordan Nolan 40 (Kasperi Kapanen 28, Nick Ritchie 43) at 15:37 (PP)
5. Flyers , Jordan Nolan 41 (Travis Konecny 28, Nick Ritchie 44) at 18:46

Penalties :
Chris Kreider (Buf) for Roughing (Minor) at 1:24, Jimmy Vesey (Buf) for Hooking (Minor) at 4:34, Jordan Nolan (Phi) for Hooking (Minor) at 8:47, Nick Ritchie (Phi) for Roughing (Minor) at 13:15, Artemi Panarin (Buf) for Slashing (Minor) at 14:50

3rd period

6. Sabres , Christian Dvorak 6 (Cal Clutterbuck 18, Tomas Nosek 19) at 1:30
7. Flyers , Michael Bournival 6 (Nathan Beaulieu 22) at 4:22

Penalties :
Michael Matheson (Buf) for Roughing (Minor) at 6:25, Kevin Hayes (Phi) for Hooking (Minor) at 11:46

Goalie Stats

Igor Shesterkin (Buf), 25 saves from 30 shots - (0.833), L, 19-23-6, 60:00 minutes
Steve Mason (Phi), 29 saves from 31 shots - (0.935), W, 33-15-4, 60:00 minutes

Players Stats for Sabres

Player Name              G  A  P  +/- PIM S  H  SB GA TA FO     MP     PP MP  PK MP  
------------------------------------------------------------------------------------
Artemi Panarin           0  0  0  -1  2   1  4  0  1  0  2/2    17:04   5:57   1:26 
Brent Seabrook           0  0  0   1  0   0  1  0  1  1  0/0    14:28   0:00   4:33 
Cal Clutterbuck          0  1  1   1  0   0  1  0  0  0  0/1    11:36   0:07   5:21 
Chris Kreider            0  1  1  -1  4   2  0  0  2  0  1/2    17:36   3:33   0:00 
Christian Dvorak         1  0  1   1  0   1  0  0  0  1  3/6    11:47   0:07   5:17 
Corey Perry              0  0  0   0  0   0  0  0  0  1  0/1    11:16   0:00   2:02 
Evgeni Malkin            0  0  0  -1  0   4  1  0  1  0  3/10   13:58   3:33   0:00 
Jakob Chychrun           0  0  0  -2  0   0  1  0  0  0  0/0    12:02   0:00   1:23 
Jimmy Vesey              0  0  0   0  2   2  0  0  0  0  0/0     8:50   0:00   0:00 
Mathew Dumba             0  0  0   0  0   4  0  1  0  0  0/0    30:42   6:04   6:09 
Michael Matheson         0  0  0  -1  2   1  1  0  0  0  0/0    18:31   2:57   3:20 
Mika Zibanejad           1  0  1  -1  0   5  0  1  2  0  15/33  20:04   5:51   0:11 
Ryan O'Reilly            0  0  0   0  0   4  0  0  0  1  8/8    17:58   2:57   3:37 
Teuvo Teravainen         0  1  1  -1  2   2  0  0  1  0  1/1    20:17   5:51   0:00 
Timo Meier               0  0  0  -1  0   1  1  0  0  0  2/3    13:20   3:33   0:00 
Tomas Nosek              0  1  1   1  0   1  0  0  0  0  0/0     9:49   0:00   3:14 
Tyson Barrie             0  0  0   0  0   1  0  1  0  0  0/0     9:55   0:30   0:00 
Victor Hedman            0  0  0   0  0   2  1  2  0  0  0/0    29:43   6:34   5:43 

Players Stats for Flyers

Player Name              G  A  P  +/- PIM S  H  SB GA TA FO     MP     PP MP  PK MP  
------------------------------------------------------------------------------------
Alexandre Grenier        0  0  0   0  0   1  0  0  0  0  0/0     6:15   0:00   0:00 
Brian Lashoff            0  0  0   1  0   1  2  1  0  0  0/0    29:39   6:57   6:03 
Cal Foote                0  0  0   1  0   0  2  1  0  0  0/0    12:27   0:00   3:28 
Calle Jarnkrok           0  0  0  -1  0   0  0  0  1  1  4/7    12:54   0:07   3:29 
Erik Karlsson            0  0  0  -1  2   1  1  1  0  1  0/0    14:19   0:00   0:00 
Hampus Lindholm          0  0  0   1  0   2  1  1  0  1  0/0    30:22   6:57   6:03 
Jacob Trouba             0  0  0  -1  0   1  0  3  1  1  0/0    21:07   3:37   3:28 
Jordan Nolan             4  0  4   2  2   6  1  1  0  0  15/30  19:55   5:50   0:00 
Kasperi Kapanen          0  1  1   0  0   1  1  1  1  0  0/0    15:21   5:00   0:00 
Kevin Hayes              0  0  0   0  2   2  0  1  0  2  8/19   19:29   4:37   4:27 
Lucas Wallmarkk          0  0  0   0  0   0  0  0  0  0  1/2     6:15   0:00   0:00 
Max Pacioretty           0  1  1   0  2   0  2  0  1  1  0/1    17:13   4:37   2:35 
Michael Bournival        1  0  1   0  0   2  2  0  0  0  0/1     7:05   0:00   0:32 
Nathan Beaulieu          0  1  1   1  0   0  0  2  0  0  0/0    12:19   3:37   0:00 
Nick Ritchie             0  3  3   2  2   3  1  0  0  0  2/3    21:54   5:57   2:13 
Niclas Bergfors          0  0  0  -1  0   3  3  0  0  0  0/0     9:05   0:00   0:00 
Samuel Morin             0  0  0  -1  0   1  1  1  0  0  0/1    15:20   0:00   5:46 
Travis Konecny           0  3  3   2  0   6  3  0  0  1  2/3    19:01   5:34   0:00 

3 Stars

1 - Jordan Nolan (Phi)
2 - Travis Konecny (Phi)
3 - Nick Ritchie (Phi)

Power Play

Sabres - 0 on 5 Attempt(s) - 0.00%
Flyers - 2 on 7 Attempt(s) - 28.57%

Penalty Kill

Sabres - 5 on 7 Attempt(s) - 71.43% - Score 0 goal in Penalty Kill
Flyers - 5 on 5 Attempt(s) - 100.00% - Score 0 goal in Penalty Kill

Team Stat

Sabres - Hits : 11 - Faceoff Wins : 35 - Blocked Shots : 5 - Penalty Minutes : 14
Flyers - Hits : 20 - Faceoff Wins : 32 - Blocked Shots : 13 - Penalty Minutes : 10

Official

Referees : Trevor Hanson and Conor O'Donnell
Linesman : Tony Sericolo and Mark Shewchyk

Game Notes

Jordan Nolan has scored a Hat Trick!

Finance

Level 1 -- Attendance: 5492 (91.53%) -- Ticket Income $549,200
Level 2 -- Attendance: 4861 (97.22%) -- Ticket Income $340,270
Level 3 -- Attendance: 1977 (98.85%) -- Ticket Income $79,080
Level 4 -- Attendance: 3641 (91.03%) -- Ticket Income $109,230
Luxury Box -- Attendance: 1000 (100.00%) -- Ticket Income $200,000
Game was played at the Wells Fargo Center.
Total Attendance: 16971 (94.28%)
Total Ticket Income: $1,277,780
Other Income: $191,667
Total Income: $1,469,447

Sabres

5 vs 5 Forward 
   Center                   Left Wing                Right Wing               Time % Phy DF OF 
 1 Mika Zibanejad           Chris Kreider            Teuvo Teravainen         40     1   2  2  
 2 Evgeni Malkin            Artemi Panarin           Timo Meier               30     1   2  2  
 3 Ryan O'Reilly            Jimmy Vesey              Corey Perry              20     1   2  2  
 4 Christian Dvorak         Tomas Nosek              Cal Clutterbuck          10     1   2  2  

5 vs 5 Defense 
   Defense                  Defense                                           Time % Phy DF OF 
 1 Mathew Dumba             Victor Hedman                                     40     1   2  2  
 2 Jakob Chychrun           Michael Matheson                                  30     1   2  2  
 3 Tyson Barrie             Brent Seabrook                                    20     1   2  2  
 4 Mathew Dumba             Victor Hedman                                     10     1   2  2  

PowerPlay Forward 
   Center                   Left Wing                Right Wing               Time % Phy DF OF 
 1 Mika Zibanejad           Artemi Panarin           Teuvo Teravainen         60     1   2  2  
 2 Evgeni Malkin            Chris Kreider            Timo Meier               40     1   2  2  

PowerPlay Defense
   Defense                  Defense                                           Time % Phy DF OF 
 1 Mathew Dumba             Victor Hedman                                     60     1   2  2  
 2 Ryan O'Reilly            Michael Matheson                                  40     1   2  2  

Penalty Kill 4 Players Forward 
   Center                   Wing                     Time % Phy DF OF 
 1 Christian Dvorak         Cal Clutterbuck          60     1   2  2  
 2 Ryan O'Reilly            Tomas Nosek              40     1   2  2  

Penalty Kill 4 Players Defense
   Defense                  Defense                  Time % Phy DF OF 
 1 Mathew Dumba             Victor Hedman            60     1   2  2  
 2 Brent Seabrook           Michael Matheson         40     1   2  2  

Penalty Kill - 3 Players Forward 
   Forward                                           Time % Phy DF OF 
 1 Christian Dvorak                                  60     1   2  2  
 2 Ryan O'Reilly                                     40     1   2  2  

Penalty Kill - 3 Players Defense
   Defense                  Defense                  Time % Phy DF OF 
 1 Mathew Dumba             Victor Hedman            60     1   2  2  
 2 Brent Seabrook           Michael Matheson         40     1   2  2  

4 vs 4 Forward 
   Center                   Wing                     Time % Phy DF OF 
 1 Ryan O'Reilly            Corey Perry              60     1   2  2  
 2 Evgeni Malkin            Cal Clutterbuck          40     1   2  2  

4 vs 4 Defense
   Defense                  Defense                  Time % Phy DF OF 
 1 Mathew Dumba             Victor Hedman            60     1   2  2  
 2 Brent Seabrook           Michael Matheson         40     1   2  2  

Last Minutes Offensive
   Center                   Left Wing                Right Wing               Defense                  Defense                  
   Mika Zibanejad           Chris Kreider            Teuvo Teravainen         Mathew Dumba             Victor Hedman            

Last Minutes Defensive
   Center                   Left Wing                Right Wing               Defense                  Defense                  
   Mika Zibanejad           Chris Kreider            Teuvo Teravainen         Mathew Dumba             Victor Hedman            

Goaltenders
Starting : Igor Shesterkin          
Backup : Frederik Andersen        

Extra Forwards
Normal : Ryan O'Reilly, Timo Meier, Corey Perry - PP : Ryan O'Reilly, Timo Meier - PK : Corey Perry
Extra Defensemen
Normal : Tyson Barrie, Jakob Chychrun, Brent Seabrook - PP : Tyson Barrie - PK : Jakob Chychrun, Brent Seabrook
Penalty Shots
Mika Zibanejad, Chris Kreider, Artemi Panarin, Teuvo Teravainen, Evgeni Malkin
Custom OT Lines Forwards
Mika Zibanejad, Chris Kreider, Artemi Panarin, Teuvo Teravainen, Evgeni Malkin, Ryan O'Reilly, Cal Clutterbuck, Timo Meier, Corey Perry, Jimmy Vesey
Custom OT Lines Defensemen
Mathew Dumba, Victor Hedman, Brent Seabrook, Michael Matheson, Tyson Barrie

Scratches
Jonas Brodin (Healthy)

Flyers

5 vs 5 Forward 
   Center                   Left Wing                Right Wing               Time % Phy DF OF 
 1 Jordan Nolan             Nick Ritchie             Travis Konecny           40     0   2  3  
 2 Kevin Hayes              Max Pacioretty           Kasperi Kapanen          30     0   2  3  
 3 Calle Jarnkrok           Samuel Morin             Niclas Bergfors          22     0   3  2  
 4 Lucas Wallmarkk          Michael Bournival        Alexandre Grenier        8      1   3  1  

5 vs 5 Defense 
   Defense                  Defense                                           Time % Phy DF OF 
 1 Hampus Lindholm          Brian Lashoff                                     40     0   3  2  
 2 Jacob Trouba             Erik Karlsson                                     33     0   2  3  
 3 Nathan Beaulieu          Cal Foote                                         20     0   3  2  
 4 Hampus Lindholm          Erik Karlsson                                     7      0   2  3  

PowerPlay Forward 
   Center                   Left Wing                Right Wing               Time % Phy DF OF 
 1 Jordan Nolan             Nick Ritchie             Travis Konecny           55     0   1  4  
 2 Kevin Hayes              Max Pacioretty           Kasperi Kapanen          45     0   1  4  

PowerPlay Defense
   Defense                  Defense                                           Time % Phy DF OF 
 1 Hampus Lindholm          Brian Lashoff                                     55     0   1  4  
 2 Nathan Beaulieu          Jacob Trouba                                      45     0   1  4  

Penalty Kill 4 Players Forward 
   Center                   Wing                     Time % Phy DF OF 
 1 Kevin Hayes              Samuel Morin             60     1   4  0  
 2 Calle Jarnkrok           Max Pacioretty           40     1   4  0  

Penalty Kill 4 Players Defense
   Defense                  Defense                  Time % Phy DF OF 
 1 Hampus Lindholm          Brian Lashoff            55     1   4  0  
 2 Jacob Trouba             Cal Foote                45     1   4  0  

Penalty Kill - 3 Players Forward 
   Forward                                           Time % Phy DF OF 
 1 Kevin Hayes                                       55     1   4  0  
 2 Jordan Nolan                                      45     1   4  0  

Penalty Kill - 3 Players Defense
   Defense                  Defense                  Time % Phy DF OF 
 1 Hampus Lindholm          Brian Lashoff            55     1   4  0  
 2 Jacob Trouba             Cal Foote                45     1   4  0  

4 vs 4 Forward 
   Center                   Wing                     Time % Phy DF OF 
 1 Jordan Nolan             Nick Ritchie             55     0   2  3  
 2 Kevin Hayes              Kasperi Kapanen          45     0   2  3  

4 vs 4 Defense
   Defense                  Defense                  Time % Phy DF OF 
 1 Hampus Lindholm          Brian Lashoff            55     0   3  2  
 2 Jacob Trouba             Erik Karlsson            45     0   3  2  

Last Minutes Offensive
   Center                   Left Wing                Right Wing               Defense                  Defense                  
   Jordan Nolan             Nick Ritchie             Kasperi Kapanen          Hampus Lindholm          Brian Lashoff            

Last Minutes Defensive
   Center                   Left Wing                Right Wing               Defense                  Defense                  
   Kevin Hayes              Samuel Morin             Kasperi Kapanen          Hampus Lindholm          Brian Lashoff            

Goaltenders
Starting : Steve Mason              
Backup : Ilya Sorokin             

Extra Forwards
Normal : Nick Ritchie, Kasperi Kapanen, Calle Jarnkrok - PP : Nick Ritchie, Kevin Hayes - PK : Nick Ritchie
Extra Defensemen
Normal : Hampus Lindholm, Erik Karlsson, Nathan Beaulieu - PP : Hampus Lindholm - PK : Hampus Lindholm, Erik Karlsson
Penalty Shots
Niclas Bergfors, Jordan Nolan, Kasperi Kapanen, Travis Konecny, Nick Ritchie
Custom OT Lines Forwards
Jordan Nolan, Nick Ritchie, Kasperi Kapanen, Niclas Bergfors, Travis Konecny, Max Pacioretty, Samuel Morin, Kevin Hayes, Calle Jarnkrok, Michael Bournival
Custom OT Lines Defensemen
Hampus Lindholm, Brian Lashoff, Erik Karlsson, Nathan Beaulieu, Jacob Trouba

Scratches
None


% Time on Ice - Sabres

Lines # - Real PCT - Wanted PCT - Time Play
Normal Forward
1 - 37% - 40% - 14:39
2 - 27% - 30% - 10:31
3 - 22% - 20% - 8:45
4 - 14% - 10% - 5:36
Normal Defense
1 - 42% - 40% - 16:26
2 - 32% - 30% - 12:27
3 - 23% - 20% - 9:09
4 - 4% - 10% - 1:29
PP Forward
1 - 63% - 60% - 5:58
2 - 37% - 40% - 3:33
PP Defense
1 - 69% - 60% - 6:34
2 - 31% - 40% - 2:57
PK Forward
1 - 69% - 60% - 7:20
2 - 31% - 40% - 3:14
PK Defense
1 - 58% - 60% - 6:10
2 - 42% - 40% - 4:24
PK3 Forward
1 - 0% - 60%
2 - 0% - 40%
PK3 Defense
1 - 0% - 60%
2 - 0% - 40%
44 Forward
1 - 100% - 60% - 0:24
2 - 0% - 40% - 0:00
44 Defense
1 - 100% - 60% - 0:24
2 - 0% - 40% - 0:00
Last Minute Offensive  - 0:00
Last Minute Defensive  - 0:00
Total
Forward - 60:00
Defense - 60:00

% Time on Ice - Flyers

Lines # - Real PCT - Wanted PCT - Time Play
Normal Forward
1 - 36% - 40% - 14:14
2 - 25% - 30% - 9:57
3 - 23% - 22% - 9:05
4 - 16% - 8% - 6:15
Normal Defense
1 - 39% - 40% - 15:21
2 - 36% - 33% - 14:02
3 - 19% - 20% - 7:36
4 - 6% - 7% - 2:32
PP Forward
1 - 56% - 55% - 5:57
2 - 44% - 45% - 4:37
PP Defense
1 - 66% - 55% - 6:57
2 - 34% - 45% - 3:37
PK Forward
1 - 77% - 60% - 7:20
2 - 23% - 40% - 2:11
PK Defense
1 - 64% - 55% - 6:03
2 - 36% - 45% - 3:28
PK3 Forward
1 - 0% - 55%
2 - 0% - 45%
PK3 Defense
1 - 0% - 55%
2 - 0% - 45%
44 Forward
1 - 100% - 55% - 0:24
2 - 0% - 45% - 0:00
44 Defense
1 - 100% - 55% - 0:24
2 - 0% - 45% - 0:00
Last Minute Offensive  - 0:00
Last Minute Defensive  - 0:00
Total
Forward - 60:00
Defense - 60:00

Play-by-Play

1st period


0:01 of 1st period - Mika Zibanejad wins face-off versus Jordan Nolan in neutral zone.
0:06 of 1st period - Slapshot by Mika Zibanejad.
0:06 of 1st period - Shot Misses the Net.
0:08 of 1st period - Snap shot by Chris Kreider.
0:08 of 1st period - Shot Blocked by Hampus Lindholm.
0:10 of 1st period - Snap shot by Teuvo Teravainen.
0:10 of 1st period - Deflect By Mika Zibanejad.
0:10 of 1st period - Stopped by Steve Mason without a rebound.
0:11 of 1st period - Kevin Hayes wins face-off versus Evgeni Malkin in Flyers zone.
0:13 of 1st period - Minor Penalty to Max Pacioretty for Holding.
0:14 of 1st period - Mika Zibanejad wins face-off versus Kevin Hayes in Flyers zone.
0:16 of 1st period - Wrist shot by Mika Zibanejad.
0:16 of 1st period - Shot Misses the Net.
0:18 of 1st period - Slapshot by Mathew Dumba.
0:18 of 1st period - Stopped by Steve Mason without a rebound.
0:19 of 1st period - Kevin Hayes wins face-off versus Mika Zibanejad in Flyers zone.
0:46 of 1st period - Hampus Lindholm is hit by Artemi Panarin and loses puck.
1:47 of 1st period - Off-side.
1:48 of 1st period - Timo Meier wins face-off versus Calle Jarnkrok in neutral zone.
2:01 of 1st period - Snap shot by Evgeni Malkin.
2:01 of 1st period - Stopped by Steve Mason with a rebound.
2:13 of 1st period - Penalty to Max Pacioretty is over, Max Pacioretty is back on ice.
2:36 of 1st period - Jacob Trouba is hit by Cal Clutterbuck and loses puck.
2:47 of 1st period - Cal Clutterbuck is hit by Travis Konecny and loses puck.
2:58 of 1st period - Wrist shot by Travis Konecny.
2:58 of 1st period - Stopped by Igor Shesterkin without a rebound.
2:59 of 1st period - Kevin Hayes wins face-off versus Evgeni Malkin in Sabres zone.
3:24 of 1st period - Wrist shot by Calle Jarnkrok.
3:24 of 1st period - Deflect By Niclas Bergfors.
3:24 of 1st period - Stopped by Igor Shesterkin without a rebound.
3:25 of 1st period - Mika Zibanejad wins face-off versus Kevin Hayes in Sabres zone.
3:27 of 1st period - Minor Penalty to Teuvo Teravainen for Slashing.
3:28 of 1st period - Christian Dvorak wins face-off versus Jordan Nolan in Sabres zone.
5:15 of 1st period - Victor Hedman is hit by Max Pacioretty and loses puck.
5:27 of 1st period - Penalty to Teuvo Teravainen is over, Teuvo Teravainen is back on ice.
5:44 of 1st period - Slapshot by Victor Hedman.
5:44 of 1st period - Deflect By Hampus Lindholm.
5:44 of 1st period - Stopped by Steve Mason with a rebound.
5:51 of 1st period - Off-side.
5:52 of 1st period - Lucas Wallmarkk wins face-off versus Evgeni Malkin in neutral zone.
5:54 of 1st period - Off-side.
5:55 of 1st period - Evgeni Malkin wins face-off versus Michael Bournival in neutral zone.
6:08 of 1st period - Erik Karlsson is hit by Michael Matheson and loses puck.
6:23 of 1st period - Snap shot by Jordan Nolan.
6:23 of 1st period - Goal by Jordan Nolan - Sabres : 0 - Flyers : 1.
6:24 of 1st period - Mika Zibanejad wins face-off versus Kevin Hayes in neutral zone.
6:32 of 1st period - Icing by Brian Lashoff.
6:33 of 1st period - Kevin Hayes wins face-off versus Mika Zibanejad in Flyers zone.
7:13 of 1st period - Wrist shot by Teuvo Teravainen.
7:13 of 1st period - Stopped by Steve Mason with a rebound.
7:41 of 1st period - Slapshot by Max Pacioretty.
7:41 of 1st period - Shot Blocked by Mika Zibanejad.
7:47 of 1st period - Mathew Dumba is hit by Max Pacioretty and loses puck.
8:09 of 1st period - Icing by Mathew Dumba.
8:10 of 1st period - Jordan Nolan wins face-off versus Mika Zibanejad in Sabres zone.
8:44 of 1st period - Wrist shot by Teuvo Teravainen.
8:44 of 1st period - Shot Blocked by Nathan Beaulieu.
8:48 of 1st period - Backhand shot by Teuvo Teravainen.
8:48 of 1st period - Stopped by Steve Mason with a rebound.
8:50 of 1st period - Slapshot by Victor Hedman.
8:50 of 1st period - Stopped by Steve Mason without a rebound.
8:51 of 1st period - Jordan Nolan wins face-off versus Evgeni Malkin in Flyers zone.
9:18 of 1st period - Brent Seabrook is hit by Erik Karlsson and loses puck.
10:05 of 1st period - Snap shot by Artemi Panarin.
10:05 of 1st period - Stopped by Steve Mason with a rebound.
10:18 of 1st period - Off-side.
10:19 of 1st period - Ryan O'Reilly wins face-off versus Lucas Wallmarkk in neutral zone.
10:51 of 1st period - Snap shot by Evgeni Malkin.
10:51 of 1st period - Shot Misses the Net.
10:53 of 1st period - Wrist shot by Evgeni Malkin.
10:53 of 1st period - Stopped by Steve Mason with a rebound.
11:05 of 1st period - Slapshot by Erik Karlsson.
11:05 of 1st period - Shot Misses the Net.
11:15 of 1st period - Wrist shot by Nick Ritchie.
11:15 of 1st period - Stopped by Igor Shesterkin with a rebound.
11:24 of 1st period - Icing by Jacob Trouba.
11:25 of 1st period - Ryan O'Reilly wins face-off versus Jordan Nolan in Flyers zone.
12:14 of 1st period - Snap shot by Niclas Bergfors.
12:14 of 1st period - Stopped by Igor Shesterkin without a rebound.
12:15 of 1st period - Calle Jarnkrok wins face-off versus Mika Zibanejad in Sabres zone.
12:38 of 1st period - Minor Penalty to Chris Kreider for Tripping.
12:39 of 1st period - Jordan Nolan wins face-off versus Christian Dvorak in Sabres zone.
12:54 of 1st period - Wrist shot by Jordan Nolan.
12:54 of 1st period - Goal by Jordan Nolan - Sabres : 0 - Flyers : 2.
12:55 of 1st period - Jordan Nolan wins face-off versus Evgeni Malkin in neutral zone.
13:00 of 1st period - Timo Meier is hit by Brian Lashoff and loses puck.
13:54 of 1st period - Snap shot by Cal Clutterbuck.
13:54 of 1st period - Deflect By Christian Dvorak.
13:54 of 1st period - Shot Blocked by Jacob Trouba.
13:54 of 1st period - Puck is out of play.
13:55 of 1st period - Evgeni Malkin wins face-off versus Jordan Nolan in Flyers zone.
14:00 of 1st period - Snap shot by Evgeni Malkin.
14:00 of 1st period - Shot Misses the Net.
14:02 of 1st period - Snap shot by Timo Meier.
14:02 of 1st period - Stopped by Steve Mason without a rebound.
14:03 of 1st period - Artemi Panarin wins face-off versus Jordan Nolan in Flyers zone.
14:10 of 1st period - Snap shot by Artemi Panarin.
14:10 of 1st period - Shot Misses the Net.
14:12 of 1st period - Snap shot by Evgeni Malkin.
14:12 of 1st period - Shot Blocked by Brian Lashoff.
14:14 of 1st period - Wrist shot by Timo Meier.
14:14 of 1st period - Deflect By Evgeni Malkin.
14:14 of 1st period - Shot Misses the Net.
14:14 of 1st period - Puck is out of play.
14:15 of 1st period - Mika Zibanejad wins face-off versus Jordan Nolan in Flyers zone.
15:26 of 1st period - Timo Meier is hit by Cal Foote and loses puck.
15:43 of 1st period - Wrist shot by Michael Bournival.
15:43 of 1st period - Stopped by Igor Shesterkin without a rebound.
15:43 of 1st period - Minor Penalty to Igor Shesterkin for Delaying the game.
15:44 of 1st period - Christian Dvorak wins face-off versus Jordan Nolan in Sabres zone.
16:11 of 1st period - Kevin Hayes is hit by Brent Seabrook and loses puck.
16:22 of 1st period - Wrist shot by Kasperi Kapanen.
16:22 of 1st period - Shot Misses the Net.
17:43 of 1st period - Penalty to Evgeni Malkin is over, Evgeni Malkin is back on ice.
17:56 of 1st period - Evgeni Malkin is hit by Niclas Bergfors and loses puck.
18:31 of 1st period - Snap shot by Evgeni Malkin.
18:31 of 1st period - Shot Blocked by Cal Foote.
18:33 of 1st period - Slapshot by Jakob Chychrun.
18:33 of 1st period - Shot Blocked by Nathan Beaulieu.
18:35 of 1st period - Wrist shot by Tomas Nosek.
18:35 of 1st period - Stopped by Steve Mason without a rebound.
18:36 of 1st period - Jordan Nolan wins face-off versus Mika Zibanejad in Flyers zone.
18:41 of 1st period - Slapshot by Travis Konecny.
18:41 of 1st period - Stopped by Igor Shesterkin with a rebound.
18:52 of 1st period - Minor Penalty to Erik Karlsson for Tripping.
18:53 of 1st period - Mika Zibanejad wins face-off versus Kevin Hayes in Flyers zone.
19:02 of 1st period - Snap shot by Mika Zibanejad.
19:02 of 1st period - Shot Blocked by Samuel Morin.
19:04 of 1st period - Slapshot by Ryan O'Reilly.
19:04 of 1st period - Stopped by Steve Mason with a rebound.
19:06 of 1st period - Wrist shot by Artemi Panarin.
19:06 of 1st period - Shot Misses the Net.
19:24 of 1st period - Snap shot by Evgeni Malkin.
19:24 of 1st period - Stopped by Steve Mason with a rebound.
19:46 of 1st period - Cal Foote is hit by Artemi Panarin and loses puck.
Goals for this period are 0 for Sabres vs 2 for Flyers.
Shots for this period are 13 for Sabres vs 8 for Flyers.

2nd period


0:01 of 2nd period - Kevin Hayes wins face-off versus Mika Zibanejad in neutral zone.
0:04 of 2nd period - Slapshot by Hampus Lindholm.
0:04 of 2nd period - Deflect By Samuel Morin.
0:04 of 2nd period - Stopped by Igor Shesterkin without a rebound.
0:05 of 2nd period - Kevin Hayes wins face-off versus Mika Zibanejad in Sabres zone.
0:22 of 2nd period - Slapshot by Hampus Lindholm.
0:22 of 2nd period - Stopped by Igor Shesterkin without a rebound.
0:23 of 2nd period - Evgeni Malkin wins face-off versus Kevin Hayes in Sabres zone.
0:36 of 2nd period - Snap shot by Evgeni Malkin.
0:36 of 2nd period - Shot Misses the Net.
0:48 of 2nd period - Kevin Hayes is hit by Artemi Panarin and loses puck.
0:52 of 2nd period - Penalty to Erik Karlsson is over, Erik Karlsson is back on ice.
1:19 of 2nd period - Snap shot by Nick Ritchie.
1:19 of 2nd period - Stopped by Igor Shesterkin with a rebound.
1:21 of 2nd period - Snap shot by Travis Konecny.
1:21 of 2nd period - Deflect By Christian Dvorak.
1:21 of 2nd period - Stopped by Igor Shesterkin without a rebound.
1:22 of 2nd period - Chris Kreider wins face-off versus Jordan Nolan in Sabres zone.
1:24 of 2nd period - Minor Penalty to Chris Kreider for Roughing.
1:25 of 2nd period - Jordan Nolan wins face-off versus Christian Dvorak in Sabres zone.
1:51 of 2nd period - Mathew Dumba is hit by Kasperi Kapanen and loses puck.
1:56 of 2nd period - Snap shot by Kevin Hayes.
1:56 of 2nd period - Deflect By Kasperi Kapanen.
1:56 of 2nd period - Stopped by Igor Shesterkin with a rebound.
2:06 of 2nd period - Slapshot by Mathew Dumba.
2:06 of 2nd period - Stopped by Steve Mason with a rebound.
2:26 of 2nd period - Michael Matheson is hit by Jordan Nolan.
2:57 of 2nd period - Icing by Jordan Nolan.
2:58 of 2nd period - Kevin Hayes wins face-off versus Corey Perry in Flyers zone.
3:21 of 2nd period - Michael Matheson is hit by Travis Konecny and loses puck.
3:24 of 2nd period - Penalty to Chris Kreider is over, Chris Kreider is back on ice.
3:28 of 2nd period - Slapshot by Michael Matheson.
3:28 of 2nd period - Deflect By Christian Dvorak.
3:28 of 2nd period - Shot Misses the Net.
3:28 of 2nd period - Puck is out of play.
3:29 of 2nd period - Mika Zibanejad wins face-off versus Calle Jarnkrok in Flyers zone.
3:44 of 2nd period - Slapshot by Chris Kreider.
3:44 of 2nd period - Shot Blocked by Jacob Trouba.
4:10 of 2nd period - Snap shot by Evgeni Malkin.
4:10 of 2nd period - Stopped by Steve Mason without a rebound.
4:11 of 2nd period - Ryan O'Reilly wins face-off versus Jordan Nolan in Flyers zone.
4:34 of 2nd period - Minor Penalty to Jimmy Vesey for Hooking.
4:35 of 2nd period - Jordan Nolan wins face-off versus Cal Clutterbuck in Sabres zone.
4:48 of 2nd period - Wrist shot by Travis Konecny.
4:48 of 2nd period - Shot Misses the Net.
4:50 of 2nd period - Snap shot by Travis Konecny.
4:50 of 2nd period - Deflect By Jordan Nolan.
4:50 of 2nd period - Shot Misses the Net.
4:50 of 2nd period - Puck is out of play.
4:51 of 2nd period - Christian Dvorak wins face-off versus Kevin Hayes in Sabres zone.
6:34 of 2nd period - Penalty to Jimmy Vesey is over, Jimmy Vesey is back on ice.
6:57 of 2nd period - Snap shot by Mika Zibanejad.
6:57 of 2nd period - Goal by Mika Zibanejad - Sabres : 1 - Flyers : 2.
6:58 of 2nd period - Mika Zibanejad wins face-off versus Kevin Hayes in neutral zone.
7:29 of 2nd period - Slapshot by Ryan O'Reilly.
7:29 of 2nd period - Deflect By Jimmy Vesey.
7:29 of 2nd period - Stopped by Steve Mason with a rebound.
7:31 of 2nd period - Slapshot by Victor Hedman.
7:31 of 2nd period - Shot Blocked by Jordan Nolan.
7:33 of 2nd period - Snap shot by Jimmy Vesey.
7:33 of 2nd period - Stopped by Steve Mason without a rebound.
7:34 of 2nd period - Ryan O'Reilly wins face-off versus Travis Konecny in Flyers zone.
7:43 of 2nd period - Slapshot by Travis Konecny.
7:43 of 2nd period - Deflect By Michael Matheson.
7:43 of 2nd period - Stopped by Igor Shesterkin with a rebound.
7:45 of 2nd period - Snap shot by Nick Ritchie.
7:45 of 2nd period - Stopped by Igor Shesterkin with a rebound.
7:47 of 2nd period - Wrist shot by Erik Karlsson.
7:47 of 2nd period - Shot Misses the Net.
7:49 of 2nd period - Backhand shot by Travis Konecny.
7:49 of 2nd period - Stopped by Igor Shesterkin without a rebound.
7:50 of 2nd period - Mika Zibanejad wins face-off versus Max Pacioretty in Sabres zone.
7:54 of 2nd period - Icing by Victor Hedman.
7:55 of 2nd period - Kevin Hayes wins face-off versus Mika Zibanejad in Sabres zone.
7:58 of 2nd period - Snap shot by Max Pacioretty.
7:58 of 2nd period - Shot Blocked by Victor Hedman.
8:00 of 2nd period - Wrist shot by Brian Lashoff.
8:00 of 2nd period - Stopped by Igor Shesterkin without a rebound.
8:01 of 2nd period - Nick Ritchie wins face-off versus Chris Kreider in Sabres zone.
8:04 of 2nd period - Wrist shot by Jordan Nolan.
8:04 of 2nd period - Shot Misses the Net.
8:11 of 2nd period - Off-side.
8:12 of 2nd period - Teuvo Teravainen wins face-off versus Jordan Nolan in neutral zone.
8:19 of 2nd period - Backhand shot by Mika Zibanejad.
8:19 of 2nd period - Shot Misses the Net.
8:21 of 2nd period - Wrist shot by Mika Zibanejad.
8:21 of 2nd period - Stopped by Steve Mason with a rebound.
8:23 of 2nd period - Slapshot by Mathew Dumba.
8:23 of 2nd period - Stopped by Steve Mason without a rebound.
8:24 of 2nd period - Mika Zibanejad wins face-off versus Jordan Nolan in Flyers zone.
8:47 of 2nd period - Minor Penalty to Jordan Nolan for Hooking.
8:48 of 2nd period - Artemi Panarin wins face-off versus Kevin Hayes in Flyers zone.
10:47 of 2nd period - Penalty to Jordan Nolan is over, Jordan Nolan is back on ice.
11:35 of 2nd period - Icing by Samuel Morin.
11:36 of 2nd period - Calle Jarnkrok wins face-off versus Mika Zibanejad in Flyers zone.
12:23 of 2nd period - Snap shot by Ryan O'Reilly.
12:23 of 2nd period - Stopped by Steve Mason without a rebound.
12:24 of 2nd period - Ryan O'Reilly wins face-off versus Calle Jarnkrok in Flyers zone.
12:31 of 2nd period - Jimmy Vesey is hit by Niclas Bergfors and loses puck.
13:15 of 2nd period - Minor Penalty to Nick Ritchie for Roughing.
13:16 of 2nd period - Mika Zibanejad wins face-off versus Kevin Hayes in Flyers zone.
13:43 of 2nd period - Chris Kreider is hit by Hampus Lindholm and loses puck.
14:43 of 2nd period - Hampus Lindholm is hit by Artemi Panarin and loses puck.
14:50 of 2nd period - Minor Penalty to Artemi Panarin for Slashing.
14:51 of 2nd period - Ryan O'Reilly wins face-off versus Jordan Nolan in Sabres zone.
15:01 of 2nd period - Off-side.
15:02 of 2nd period - Ryan O'Reilly wins face-off versus Jordan Nolan in neutral zone.
15:15 of 2nd period - Penalty to Nick Ritchie is over, Nick Ritchie is back on ice.
15:21 of 2nd period - Snap shot by Jordan Nolan.
15:21 of 2nd period - Stopped by Igor Shesterkin with a rebound.
15:35 of 2nd period - Slapshot by Kasperi Kapanen.
15:35 of 2nd period - Shot Misses the Net.
15:37 of 2nd period - Snap shot by Jordan Nolan.
15:37 of 2nd period - Goal by Jordan Nolan - Sabres : 1 - Flyers : 3.
15:38 of 2nd period - Jordan Nolan wins face-off versus Mika Zibanejad in neutral zone.
15:43 of 2nd period - Slapshot by Hampus Lindholm.
15:43 of 2nd period - Stopped by Igor Shesterkin without a rebound.
15:44 of 2nd period - Jordan Nolan wins face-off versus Mika Zibanejad in Sabres zone.
16:35 of 2nd period - Slapshot by Tomas Nosek.
16:35 of 2nd period - Shot Blocked by Kasperi Kapanen.
17:02 of 2nd period - Wrist shot by Samuel Morin.
17:02 of 2nd period - Shot Hit the Post.
17:30 of 2nd period - Snap shot by Chris Kreider.
17:30 of 2nd period - Stopped by Steve Mason with a rebound.
17:32 of 2nd period - Snap shot by Jakob Chychrun.
17:32 of 2nd period - Shot Blocked by Jacob Trouba.
17:34 of 2nd period - Slapshot by Michael Matheson.
17:34 of 2nd period - Stopped by Steve Mason without a rebound.
17:35 of 2nd period - Calle Jarnkrok wins face-off versus Evgeni Malkin in Flyers zone.
17:35 of 2nd period - Nathan Beaulieu is hit by Timo Meier and loses puck.
18:19 of 2nd period - Off-side.
18:20 of 2nd period - Ryan O'Reilly wins face-off versus Kevin Hayes in neutral zone.
18:23 of 2nd period - Kasperi Kapanen is hit by Victor Hedman and loses puck.
18:36 of 2nd period - Snap shot by Kevin Hayes.
18:36 of 2nd period - Stopped by Igor Shesterkin without a rebound.
18:37 of 2nd period - Travis Konecny wins face-off versus Mika Zibanejad in Sabres zone.
18:44 of 2nd period - Snap shot by Travis Konecny.
18:44 of 2nd period - Stopped by Igor Shesterkin with a rebound.
18:46 of 2nd period - Snap shot by Jordan Nolan.
18:46 of 2nd period - Goal by Jordan Nolan - Sabres : 1 - Flyers : 4.
18:47 of 2nd period - Mika Zibanejad wins face-off versus Jordan Nolan in neutral zone.
Goals for this period are 1 for Sabres vs 2 for Flyers.
Shots for this period are 10 for Sabres vs 15 for Flyers.

3rd period


0:01 of 3rd period - Jordan Nolan wins face-off versus Mika Zibanejad in neutral zone.
0:10 of 3rd period - Wrist shot by Mika Zibanejad.
0:10 of 3rd period - Stopped by Steve Mason without a rebound.
0:11 of 3rd period - Mika Zibanejad wins face-off versus Jordan Nolan in Flyers zone.
0:26 of 3rd period - Slapshot by Chris Kreider.
0:26 of 3rd period - Shot Misses the Net.
0:48 of 3rd period - Snap shot by Kevin Hayes.
0:48 of 3rd period - Stopped by Igor Shesterkin with a rebound.
1:30 of 3rd period - Backhand shot by Cal Clutterbuck.
1:30 of 3rd period - Deflect By Christian Dvorak.
1:30 of 3rd period - Goal by Christian Dvorak - Sabres : 2 - Flyers : 4.
1:31 of 3rd period - Jordan Nolan wins face-off versus Mika Zibanejad in neutral zone.
2:46 of 3rd period - Snap shot by Erik Karlsson.
2:46 of 3rd period - Stopped by Igor Shesterkin with a rebound.
2:48 of 3rd period - Slapshot by Erik Karlsson.
2:48 of 3rd period - Shot Blocked by Tyson Barrie.
2:50 of 3rd period - Slapshot by Alexandre Grenier.
2:50 of 3rd period - Stopped by Igor Shesterkin with a rebound.
2:52 of 3rd period - Slapshot by Michael Bournival.
2:52 of 3rd period - Shot Misses the Net.
4:22 of 3rd period - Snap shot by Michael Bournival.
4:22 of 3rd period - Goal by Michael Bournival - Sabres : 2 - Flyers : 5.
4:23 of 3rd period - Jordan Nolan wins face-off versus Mika Zibanejad in neutral zone.
4:30 of 3rd period - Wrist shot by Travis Konecny.
4:30 of 3rd period - Shot Misses the Net.
4:32 of 3rd period - Wrist shot by Jordan Nolan.
4:32 of 3rd period - Stopped by Igor Shesterkin with a rebound.
5:04 of 3rd period - Slapshot by Chris Kreider.
5:04 of 3rd period - Stopped by Steve Mason without a rebound.
5:05 of 3rd period - Travis Konecny wins face-off versus Timo Meier in Flyers zone.
5:14 of 3rd period - Snap shot by Jordan Nolan.
5:14 of 3rd period - Shot Blocked by Victor Hedman.
5:16 of 3rd period - Wrist shot by Nick Ritchie.
5:16 of 3rd period - Shot Misses the Net.
5:18 of 3rd period - Snap shot by Nick Ritchie.
5:18 of 3rd period - Shot Misses the Net.
5:20 of 3rd period - Wrist shot by Travis Konecny.
5:20 of 3rd period - Shot Misses the Net.
5:22 of 3rd period - Slapshot by Jacob Trouba.
5:22 of 3rd period - Stopped by Igor Shesterkin with a rebound.
5:59 of 3rd period - Snap shot by Niclas Bergfors.
5:59 of 3rd period - Shot Misses the Net.
6:01 of 3rd period - Wrist shot by Niclas Bergfors.
6:01 of 3rd period - Stopped by Igor Shesterkin without a rebound.
6:02 of 3rd period - Jordan Nolan wins face-off versus Mika Zibanejad in Sabres zone.
6:25 of 3rd period - Minor Penalty to Michael Matheson for Roughing.
6:26 of 3rd period - Jordan Nolan wins face-off versus Christian Dvorak in Sabres zone.
6:27 of 3rd period - Snap shot by Travis Konecny.
6:27 of 3rd period - Shot Misses the Net.
6:29 of 3rd period - Snap shot by Nick Ritchie.
6:29 of 3rd period - Shot Blocked by Mathew Dumba.
7:21 of 3rd period - Christian Dvorak is hit by Nick Ritchie and loses puck.
7:40 of 3rd period - Snap shot by Tomas Nosek.
7:40 of 3rd period - Shot Hit the Post.
8:25 of 3rd period - Penalty to Michael Matheson is over, Michael Matheson is back on ice.
9:01 of 3rd period - Wrist shot by Michael Bournival.
9:01 of 3rd period - Shot Misses the Net.
9:30 of 3rd period - Wrist shot by Ryan O'Reilly.
9:30 of 3rd period - Stopped by Steve Mason with a rebound.
10:15 of 3rd period - Icing by Tyson Barrie.
10:16 of 3rd period - Timo Meier wins face-off versus Samuel Morin in Sabres zone.
11:05 of 3rd period - Snap shot by Ryan O'Reilly.
11:05 of 3rd period - Stopped by Steve Mason with a rebound.
11:07 of 3rd period - Slapshot by Tyson Barrie.
11:07 of 3rd period - Stopped by Steve Mason without a rebound.
11:08 of 3rd period - Mika Zibanejad wins face-off versus Kevin Hayes in Flyers zone.
11:09 of 3rd period - Snap shot by Chris Kreider.
11:09 of 3rd period - Shot Blocked by Erik Karlsson.
11:13 of 3rd period - Wrist shot by Mika Zibanejad.
11:13 of 3rd period - Shot Blocked by Kevin Hayes.
11:15 of 3rd period - Slapshot by Mathew Dumba.
11:15 of 3rd period - Stopped by Steve Mason without a rebound.
11:16 of 3rd period - Jordan Nolan wins face-off versus Mika Zibanejad in Flyers zone.
11:46 of 3rd period - Minor Penalty to Kevin Hayes for Hooking.
11:47 of 3rd period - Nick Ritchie wins face-off versus Mika Zibanejad in Flyers zone.
11:56 of 3rd period - Off-side.
11:57 of 3rd period - Mika Zibanejad wins face-off versus Nick Ritchie in neutral zone.
12:18 of 3rd period - Wrist shot by Artemi Panarin.
12:18 of 3rd period - Shot Misses the Net.
12:32 of 3rd period - Slapshot by Victor Hedman.
12:32 of 3rd period - Shot Misses the Net.
12:34 of 3rd period - Slapshot by Victor Hedman.
12:34 of 3rd period - Deflect By Artemi Panarin.
12:34 of 3rd period - Shot Misses the Net.
12:34 of 3rd period - Puck is out of play.
12:35 of 3rd period - Calle Jarnkrok wins face-off versus Evgeni Malkin in Flyers zone.
13:46 of 3rd period - Penalty to Kevin Hayes is over, Kevin Hayes is back on ice.
13:48 of 3rd period - Samuel Morin is hit by Evgeni Malkin and loses puck.
14:07 of 3rd period - Cal Clutterbuck is hit by Michael Bournival and loses puck.
14:35 of 3rd period - Brent Seabrook is hit by Travis Konecny and loses puck.
15:02 of 3rd period - Evgeni Malkin is hit by Michael Bournival and loses puck.
15:31 of 3rd period - Mathew Dumba is hit by Niclas Bergfors and loses puck.
15:52 of 3rd period - Travis Konecny is hit by Jakob Chychrun and loses puck.
16:29 of 3rd period - Snap shot by Mika Zibanejad.
16:29 of 3rd period - Stopped by Steve Mason with a rebound.
17:31 of 3rd period - Teuvo Teravainen is hit by Brian Lashoff and loses puck.
18:04 of 3rd period - Cal Clutterbuck is hit by Samuel Morin and loses puck.
18:21 of 3rd period - Victor Hedman is hit by Cal Foote and loses puck.
Goals for this period are 1 for Sabres vs 1 for Flyers.
Shots for this period are 8 for Sabres vs 7 for Flyers. Output by the SimonT Hockey Simulator (STHS) for Francois Prevost - Original Page W3C HTML5 Valid
Hockey Simulator - Hockey Simulation - Hockey Manager